 Dungeon Crawl Stone Soup version 0.31-a0-38-g1548c4f2a5 (webtiles) character file.

Game seed: 9884934304329811195

357 hwolsky the Ducker (level 6, 28/28 HPs) *EXPLORE*
             Began as a Felid Transmuter on May 16, 2023.
             Quit the game in the Ecumenical Temple.
             The game lasted 00:13:18 (2841 turns).

hwolsky the Ducker (Felid Transmuter)               Turns: 2841, Time: 00:13:19

Health: 28/28      AC:  2    Str:  6    XL:     6   Next: 37%
Magic:  12/12      EV: 19    Int: 17    God:
Gold:   151        SH:  0    Dex: 16    Spells: 5/11 levels left
                                        Lives:  0   Deaths: 1

rFire   + .          .
                       - Unarmed
rCold   x . .        (shield unavailable)
rNeg    . . .        (body armour unavailable)
rPois   .            (helmet unavailable)
rElec   .            (cloak unavailable)
rCorr   .            (gloves unavailable)
SInv    +            (boots unavailable)
Will    .....        (no amulet)
Stlth   +            i - ring of fire
HPRegen 0.24/turn    (no ring)
MPRegen 0.13/turn

%: no passive effects
@: quick
A: very small, claws 1, fangs 3, see invisible, speed 1, shaggy fur 2, stealthy
paws, no weapons or thrown items, no armour, multi-lived
a: no special abilities


You were in the Ecumenical Temple.
You visited 2 branches of the dungeon, and saw 5 of its levels.

You collected 151 gold pieces.

Inventory:

Jewellery
 i - a ring of fire (left paw)
Wands
 m - a wand of digging (4)
Scrolls
 n - a scroll of acquirement {unknown}
Potions
 a - a potion of lignification
 b - a potion of haste
 c - a potion of mutation {unknown}
 d - a potion of ambrosia {unknown}
 e - a potion of invisibility {unknown}
 f - a potion of heal wounds {unknown}
 g - 2 potions of might {unknown}
 h - 2 potions of curing
 j - a potion of resistance {unknown}
 k - a potion of cancellation {unknown}
 l - 2 potions of attraction {unknown}


   Skills:
 + Level 3.0 Fighting
 + Level 4.7 Dodging
 + Level 4.2 Unarmed Combat
 + Level 3.3 Spellcasting
 + Level 3.9 Transmutations


You had 5 spell levels left.
You knew the following spells:

 Your Spells              Type           Power      Damage    Failure   Level
a - Beastly Appendage     Tmut           32%        N/A       3%          1
b - Spider Form           Tmut/Pois      9%         N/A       22%         3
c - Wereblood             Tmut           16%        N/A       4%          2

Your spell library contained the following spells:

 Spells                   Type           Power      Damage    Failure   Level
 Magic Dart               Conj           8%         1d3       17%         1
 Searing Ray              Conj           4%         2d4       26%         2
 Ice Form                 Ice/Tmut       9%         N/A       58%         4
 Fulminant Prism          Conj/Hex       1%         3d5       86%         4


Dungeon Overview and Level Annotations

Branches:
Dungeon (4/15) Zot: 26771  Temple (1/1) D:4 Zot: 5897

Altars:
Ashenzari
Cheibriados
Elyvilon
Fedhas
Gozag
Hepliaklqana
Makhleb
Nemelex Xobeh
Okawaru
Qazlal
Sif Muna
Trog
Vehumet
Wu Jian
Xom
Zin
The Shining One


Innate Abilities, Weirdness & Mutations

You have sharp claws.
You have razor-sharp teeth.
You have supernaturally acute eyesight. (SInv)
You cover ground quickly. (Speed+)
You are covered in thick fur. (AC +2)
Your paws help you pounce on unaware monsters.
You are incapable of wielding weapons or throwing items.
You cannot wear armour.
You gain extra lives every three experience levels.


Message History

You extend your transformation's duration.
You extend your transformation's duration.
Your transformation is almost over.
Things that are here:
a +0 short sword; 8 poisoned darts Your horns disappear.
n - a scroll labelled TETOPR XEALYKU
Found a staircase to the Ecumenical Temple.
There is a staircase to the Ecumenical Temple here.
You climb downwards.
Welcome to the Ecumenical Temple!
Found a burning altar of Makhleb.
There is a staircase back to the Dungeon here.
Found a radiant altar of Vehumet.
Found a glowing golden altar of the Shining One.
Found a shimmering altar of Xom.
Found a shimmering blue altar of Sif Muna.
Found a hazy altar of Hepliaklqana.
Found a stormy altar of Qazlal.
Found an opulent altar of Gozag.
Found a broken altar of Ashenzari.
Found a sparkling altar of Nemelex Xobeh.
Found a white marble altar of Elyvilon.
Found an ornate altar of the Wu Jian Council.
Found a bloodstained altar of Trog.
Found a glowing silver altar of Zin.
Found a blossoming altar of Fedhas.
Found an iron altar of Okawaru and a snail-covered altar of Cheibriados.
Done exploring.
Done exploring.
Done exploring.
Done exploring.
Done exploring.
Done exploring.
Done exploring.
Done exploring.
Search for what [Enter for "."]? .
Saving game... please wait.
Welcome back, hwolsky the Felid Transmuter.
Press ? for a list of commands and other information.
Are you sure you want to abandon this character and quit the game? (Confirm with "yes".)

#.._..# #.._..# #.._ ##.....#
#.....## #... ##......# #......##
#...
####...###############...########
......## #.....# ##......#
.....## #._...# ##.....# .._..#
#.....# #.._..# .....## #..._.##
##.....# ......## #....@.##
##......#
####...#########...###...########
##......# ##.......## #...
##.....# ##.....## #... #.._..#
#.._..# #.._ #.....## #.....#
##... #......## #.....# ##....
#####...###############...##
##......# #......##


There were no monsters in sight!

Vanquished Creatures
  Duvessa (D:4)
  A scorpion (D:4)
  Dowan (D:4)
  An iguana (D:4)
  An orc wizard (D:3)
  3 gnolls (D:3)
  2 adders (D:2)
  2 worms (D:2)
  9 orcs
  6 ball pythons
  6 endoplasms
  3 giant cockroaches
  6 goblins
  11 hobgoblins
  10 kobolds
  3 quokkas
  5 bats
  10 frilled lizards
  8 rats
89 creatures vanquished.

Notes
Turn   | Place    | Note
-------+----------+-------------------------------------------
     0 | D:1      | hwolsky the Felid Transmuter began the quest for the Orb.
     0 | D:1      | Reached XP level 1. HP: 9/9 MP: 4/4
     0 | D:1      | Entered explore mode.
    64 | D:1      | Slain by a frilled lizard (3 damage)
    71 | D:1      | Slain by a hobgoblin (4 damage)
   110 | D:1      | Reached XP level 2. HP: 10/12 MP: 4/6
   378 | D:1      | Slain by a kobold
                  | ... wielding a +2 short sword of venom
                  | (5 damage)
   380 | D:1      | Succumbed to a kobold's poison
   381 | D:1      | Reached XP level 3. HP: 15/15 MP: 5/7
   812 | D:1      | Learned a level 3 spell: Spider Form
   969 | D:2      | Slain by an orc
                  | ... wielding a +0 whip of flaming
                  | (5 damage)
  1134 | D:2      | Reached XP level 4. HP: 18/19 MP: 6/8
  1287 | D:2      | Slain by a kobold
  1288 | D:2      | Reached XP level 3. HP: -2/16 MP: 7/7
  1430 | D:2      | Identified the +4 short sword "Kilecseu" {vamp, Will+ Dex+6
                  | Stlth+}
  1663 | D:3      | Frozen to death by an endoplasm (3 damage)
  1671 | D:3      | Frozen to death by an endoplasm (5 damage)
  1677 | D:3      | Slain by an orc wizard
                  | ... wielding a +0 dagger
                  | (4 damage)
  1683 | D:3      | Reached XP level 4. HP: 3/19 MP: 3/8
  1685 | D:3      | Slain by an orc wizard
                  | ... wielding a +0 dagger
                  | (4 damage)
  1698 | D:3      | Slain by an orc wizard
                  | ... wielding a +0 dagger
                  | (4 damage)
  1727 | D:3      | Learned a level 2 spell: Wereblood
  2340 | D:3      | Identified the +2 mace of the Moon {freeze, rElec rF+
                  | Stlth-}
  2459 | D:4      | Noticed Dowan
  2464 | D:4      | Noticed Duvessa
  2474 | D:4      | Slain by Dowan
                  | ... wielding a +0 dagger
                  | (7 damage)
  2479 | D:4      | Slain by Duvessa
                  | ... wielding a +0 rapier
                  | (9 damage)
  2488 | D:4      | HP: 1/20 [Dowan/+0 dagger (6)]
  2489 | D:4      | Killed from afar by Dowan (4 damage)
                  | ... with a puff of flame
  2492 | D:4      | Killed Dowan
  2493 | D:4      | Reached XP level 5. HP: 1/23 MP: 5/10
  2493 | D:4      | Mangled by Duvessa
                  | ... wielding a +0 rapier
                  | (11 damage)
  2495 | D:4      | Slain by Duvessa
                  | ... wielding a +0 rapier
                  | (18 damage)
  2499 | D:4      | Slain by Duvessa
                  | ... wielding a +0 rapier
                  | (12 damage)
  2502 | D:4      | Mangled by Duvessa
                  | ... wielding a +0 rapier
                  | (19 damage)
  2505 | D:4      | Mangled by Duvessa
                  | ... wielding a +0 rapier
                  | (12 damage)
  2508 | D:4      | HP: 1/23 [Duvessa/+0 rapier (14)]
  2509 | D:4      | Demolished by Duvessa
                  | ... wielding a +0 rapier
                  | (17 damage)
  2513 | D:4      | Slain by Duvessa
                  | ... wielding a +0 rapier
                  | (11 damage)
  2516 | D:4      | Mangled by Duvessa
                  | ... wielding a +0 rapier
                  | (15 damage)
  2518 | D:4      | Slain by Duvessa
                  | ... wielding a +0 rapier
                  | (15 damage)
  2522 | D:4      | Mangled by Duvessa
                  | ... wielding a +0 rapier
                  | (16 damage)
  2525 | D:4      | Slain by Duvessa
                  | ... wielding a +0 rapier
                  | (14 damage)
  2527 | D:4      | HP: 1/23 [Duvessa/+0 rapier (14)]
  2528 | D:4      | Mangled by Duvessa
                  | ... wielding a +0 rapier
                  | (12 damage)
  2533 | D:4      | Demolished by Duvessa
                  | ... wielding a +0 rapier
                  | (20 damage)
  2535 | D:4      | Slain by Duvessa
                  | ... wielding a +0 rapier
                  | (12 damage)
  2536 | D:4      | Killed Duvessa
  2537 | D:4      | Gained mutation: You are covered in thick fur. (AC +2)
                  | [Felid growth]
  2537 | D:4      | Reached XP level 6. HP: 27/27 MP: 11/11
  2649 | D:4      | Slain by an iguana (9 damage)
  2708 | D:4      | Found a staircase to the Ecumenical Temple.
  2713 | Temple   | Entered the Ecumenical Temple
  2841 | Temple   | Quit the game

Illustrated notes

Levels and vault maps discovered:
D:1:      matt_arrival_los_fun, layout_basic
D:2:      layout_rooms
D:3:      wander_river, layout_basic
D:4:      layout_rooms, minmay_temple_entry_nine_rooms, uniq_eustachio,
          uniq_duvessa
Temple:   minmay_crystal_spiral_temple

Skill      XL: |  1  2  3  4  5  6 |
---------------+-------------------+-----
Dodging        | 3 4 |  4.7
Transmutations | 3 |  3.9
Fighting       | 2 3 |  3.0
Spellcasting   | 3 |  3.3
Unarmed Combat | 4 |  4.2

Action                     |  1- 3 |  4- 6 || total
---------------------------+-------+-------++-------
  Melee: Unarmed           |   142 |   191 ||   333
         Bite              |     1 |    16 ||    17
         Headbutt          |    12 |    18 ||    30
         Punch             |     2 |     6 ||     8
   Cast: Beastly Appendage |    14 |    12 ||    26
         Spider Form       |     4 |     1 ||     5
         Wereblood         |       |     3 ||     3
    Use: Scroll            |     4 |     3 ||     7
         Potion            |     1 |       ||     1
   Stab: Sleeping          |       |     2 ||     2
 Armour: Skin              |    12 |     8 ||    20
  Dodge: Dodged            |   169 |   139 ||   308

Table legend: (Time is in decaauts)
 A = Elapsed time spent in this place.
 B = Non-inter-level travel time spent in this place.
 C = Inter-level travel time spent in this place.
 D = Time resting spent in this place.
 E = Time spent auto-exploring this place.
 F = Levels seen in this place.
 G = Mean time per level.
                   A        B        C        D        E       F      G
               +--------+--------+--------+--------+--------+-----+--------+
         Total |   2443 |   2377 |     66 |     41 |   1342 |   5 |  488.6 |
       Dungeon |   2340 |   2274 |     66 |     41 |   1252 |   4 |  585.0 |
        Temple |    102 |    102 |      0 |      0 |     89 |   1 |  102.0 |
               +--------+--------+--------+--------+--------+-----+--------+

Top non-repeatable levels by time:
     D:1: 722 daAuts
     D:3: 716 daAuts
     D:2: 673 daAuts
     D:4: 228 daAuts
  Temple: 102 daAuts
